General information
- name: BNet
- type: Ladder team game (AT/RT)
- host: Battle.net
- saver: DSSN
map: MarketSquare
- players: 8
- length: 23:29
- speed: Fast
- version: 1.26 W3XP
- replay type: Public
» download(174 KB)
Players
team 1 (loser)
rotwild (
orange | 59 APM | 1332 actions | 22:40)
5 Tauren Chieftain
2 War Stomp
3 Endurance Aura
5 Shadow Hunter
2 Hex
3 Healing Wave
1 Goblin Alchemist
1 Healing Spray
» actions
| Assign group hotkey | 39 | |
| Build / train | 103 | |
| Enter build submenu | 18 | |
| Enter hero's abilities submenu | 11 | |
| Give item / drop item | 2 | |
| Remove unit from queue | 3 | |
| Right click | 545 | |
| Select / deselect | 390 | |
| Select group hotkey | 103 | |
| Use ability | 118 | |
1332 total
» units
| Peon | 35 | |
| Grunt | 7 | |
| Raider | 4 | |
| Shaman | 5 | |
| Troll Batrider | 10 | |
61 total
» upgrades
| Berserker Strength | 1 | |
| Shaman Training | 2 | |
| Armor | 2 | |
| Melee Weapons | 2 | |
| Ensnare | 1 | |
| Pillage | 1 | |
| Ranged Weapons | 1 | |
10 total
» buildings
| Altar of Storms | 1 | |
| Barracks | 1 | |
| Orc Burrow | 9 | |
| Voodoo Lounge | 1 | |
| Great Hall | 2 | |
| Stronghold | 1 | |
| War Mill | 1 | |
| Spirit Lodge | 1 | |
| Beastiary | 3 | |
| Fortress | 1 | |
21 total
» build order
00:10 Altar of Storms
00:14 Barracks
00:23 Orc Burrow
01:36 Orc Burrow
02:18 Voodoo Lounge
03:42 Orc Burrow
05:01 Great Hall
05:03 Stronghold
06:42 War Mill
08:09 Spirit Lodge
09:04 Beastiary
10:00 Beastiary
10:03 Fortress
11:29 Orc Burrow
11:31 Orc Burrow
11:32 Orc Burrow
11:33 Orc Burrow
15:26 Beastiary
17:47 Great Hall
19:44 Orc Burrow
19:52 Orc Burrow
» items
| Healing Salve | 2 | |
| Lesser Clarity Potion | 1 | |
| Boots of Speed | 1 | |
| Scroll of Protection | 2 | |
| Scroll of Healing | 2 | |
| Orb of Lightning | 1 | |
| Scroll of Town Portal | 2 | |
| Scroll of Speed | 1 | |
12 total
dark-age-dwayne (
pink | 38 APM | 703 actions | 18:37)
5 Demon Hunter
3 Immolation
2 Mana Burn
2 Keeper of the Grove
1 Force of Nature
1 Entangling Roots
» actions
| Build / train | 42 | |
| Enter build submenu | 19 | |
| Enter hero's abilities submenu | 8 | |
| Remove unit from queue | 2 | |
| Right click | 339 | |
| Select / deselect | 246 | |
| Use ability | 47 | |
703 total
» units
» upgrades
| Strength of the Wild | 3 | |
| Reinforced Hides | 2 | |
| Ultravision | 1 | |
| Nature's Blessing | 1 | |
| Backpack | 1 | |
| Well Spring | 1 | |
| Corrosive Breath | 1 | |
10 total
» buildings
| Altar of Elders | 1 | |
| Moon Well | 8 | |
| Ancient of Wonders | 1 | |
| Hunter's Hall | 1 | |
| Tree of Ages | 1 | |
| Ancient of Wind | 1 | |
| Tree of Eternity | 1 | |
| Chimaera Roost | 4 | |
| Tree of Life | 1 | |
19 total
» build order
00:21 Altar of Elders
00:36 Moon Well
00:51 Ancient of Wonders
01:28 Moon Well
02:03 Moon Well
02:28 Moon Well
02:41 Hunter's Hall
03:19 Tree of Ages
04:07 Moon Well
05:08 Moon Well
05:43 Ancient of Wind
06:53 Moon Well
06:59 Tree of Eternity
07:59 Moon Well
09:39 Chimaera Roost
09:43 Chimaera Roost
09:45 Chimaera Roost
09:47 Chimaera Roost
14:57 Tree of Life
» items
MiNzI (
blue | 53 APM | 1215 actions | 22:51)
4 Paladin
2 Holy Light
1 Devotion Aura
1 Divine Shield
1 Mountain King
1 Storm Bolt
» actions
| Assign group hotkey | 1 | |
| Basic commands | 6 | |
| Build / train | 51 | |
| Enter build submenu | 27 | |
| Enter hero's abilities submenu | 5 | |
| Remove unit from queue | 5 | |
| Right click | 754 | |
| Select / deselect | 313 | |
| Select group hotkey | 3 | |
| Use ability | 50 | |
1215 total
» units
| Peasant | 6 | |
| Footman | 5 | |
| Knight | 4 | |
| Siege Engine | 11 | |
26 total
» upgrades
| Plating | 3 | |
| Defend | 1 | |
| Lumber Harvesting | 2 | |
| Swords | 1 | |
| Barrage | 1 | |
8 total
» buildings
| Farm | 7 | |
| Altar of Kings | 1 | |
| Barracks | 2 | |
| Lumber Mill | 1 | |
| Scout Tower | 6 | |
| Guard Tower | 3 | |
| Arcane Tower | 1 | |
| Blacksmith | 1 | |
| Arcane Vault | 1 | |
| Keep | 1 | |
| Castle | 1 | |
| Workshop | 3 | |
| Town Hall | 1 | |
29 total
» build order
00:04 Farm
00:05 Altar of Kings
00:47 Barracks
00:57 Farm
01:19 Lumber Mill
01:40 Scout Tower
01:59 Scout Tower
02:23 Guard Tower
02:29 Farm
02:42 Arcane Tower
02:55 Blacksmith
03:24 Arcane Vault
04:06 Farm
05:15 Keep
05:18 Scout Tower
07:08 Guard Tower
07:12 Barracks
08:03 Castle
09:10 Workshop
09:33 Town Hall
11:28 Farm
11:29 Farm
11:30 Farm
13:25 Scout Tower
13:26 Scout Tower
13:27 Scout Tower
16:01 Guard Tower
17:47 Workshop
19:46 Workshop
acc3210 (
red | 53 APM | 1238 actions | 23:27)
4 Priestess of the Moon
2 Searing Arrows
2 Scout
2 Keeper of the Grove
1 Entangling Roots
1 Force of Nature
» actions
| Build / train | 43 | |
| Enter build submenu | 25 | |
| Enter hero's abilities submenu | 5 | |
| Remove unit from queue | 1 | |
| Right click | 933 | |
| Select / deselect | 187 | |
| Use ability | 44 | |
1238 total
» units
| Wisp | 12 | |
| Archer | 14 | |
| Forest Troll High Priest | 1 | |
27 total
» upgrades
» buildings
| Moon Well | 5 | |
| Altar of Elders | 2 | |
| Ancient of War | 1 | |
| Tree of Ages | 1 | |
| Ancient of Wonders | 1 | |
| Ancient of Wind | 1 | |
| Tree of Eternity | 2 | |
| Hunter's Hall | 1 | |
| Ancient of Lore | 1 | |
| Tree of Life | 1 | |
| Ancient Protector | 3 | |
19 total
» build order
00:24 Moon Well
00:36 Altar of Elders
01:05 Altar of Elders
01:45 Ancient of War
02:13 Moon Well
04:23 Moon Well
05:24 Moon Well
06:09 Tree of Ages
06:27 Moon Well
11:25 Ancient of Wonders
11:50 Ancient of Wind
15:02 Tree of Eternity
15:02 Tree of Eternity
15:10 Hunter's Hall
17:15 Ancient of Lore
20:02 Tree of Life
20:16 Ancient Protector
20:24 Ancient Protector
20:28 Ancient Protector
» items
team 2 (winner)

»
DSSN (
teal | 94 APM | 2206 actions | 23:29)
6 Blood Mage
3 Flame Strike
2 Siphon Mana
1 Summon Phoenix
» actions
| Assign group hotkey | 29 | |
| Basic commands | 66 | |
| Build / train | 158 | |
| ESC pressed | 6 | |
| Enter build submenu | 51 | |
| Enter hero's abilities submenu | 6 | |
| Give item / drop item | 3 | |
| Right click | 805 | |
| Select / deselect | 412 | |
| Select group hotkey | 552 | |
| Use ability | 118 | |
2206 total
» units
| Peasant | 30 | |
| Footman | 13 | |
| Sorceress | 1 | |
| Dragonhawk Rider | 6 | |
| Knight | 4 | |
| Siege Engine | 2 | |
| Gryphon Rider | 3 | |
59 total
» upgrades
| Masonry | 3 | |
| Swords | 4 | |
| Defend | 1 | |
| Plating | 3 | |
| Lumber Harvesting | 2 | |
| Sorceress Training | 2 | |
| Magic Sentry | 1 | |
| Animal War Training | 1 | |
| Cloud | 1 | |
| Armor | 4 | |
| Barrage | 1 | |
| Flak Cannons | 1 | |
| Flying Machine Bombs | 1 | |
| Storm Hammers | 1 | |
| Long Rifles | 2 | |
| Fragmentation Shards | 1 | |
| Flare | 1 | |
| Backpack | 1 | |
| Priest Training | 1 | |
| Control Magic | 1 | |
33 total
» buildings
| Altar of Kings | 2 | |
| Barracks | 2 | |
| Farm | 13 | |
| Town Hall | 1 | |
| Arcane Vault | 1 | |
| Scout Tower | 18 | |
| Lumber Mill | 1 | |
| Guard Tower | 16 | |
| Arcane Tower | 3 | |
| Keep | 4 | |
| Blacksmith | 1 | |
| Arcane Sanctum | 1 | |
| Workshop | 2 | |
| Castle | 4 | |
| Gryphon Aviary | 3 | |
72 total
» build order
00:04 Altar of Kings
00:12 Barracks
00:13 Altar of Kings
00:16 Farm
00:48 Farm
01:35 Farm
03:29 Town Hall
03:45 Farm
04:19 Arcane Vault
04:47 Scout Tower
04:49 Scout Tower
04:51 Scout Tower
05:14 Lumber Mill
05:23 Scout Tower
05:31 Scout Tower
05:49 Guard Tower
05:49 Guard Tower
05:50 Guard Tower
06:05 Arcane Tower
06:08 Arcane Tower
06:35 Keep
06:35 Keep
06:46 Blacksmith
06:50 Scout Tower
07:01 Scout Tower
07:04 Scout Tower
07:18 Scout Tower
07:20 Scout Tower
07:32 Guard Tower
07:33 Guard Tower
07:46 Guard Tower
07:52 Guard Tower
07:52 Guard Tower
07:55 Guard Tower
09:00 Arcane Sanctum
09:30 Barracks
09:35 Workshop
09:59 Farm
10:02 Scout Tower
10:03 Scout Tower
10:06 Farm
10:36 Guard Tower
10:57 Castle
10:58 Castle
11:22 Gryphon Aviary
11:50 Gryphon Aviary
12:00 Scout Tower
12:01 Scout Tower
12:04 Scout Tower
12:10 Scout Tower
12:23 Scout Tower
12:25 Scout Tower
12:33 Guard Tower
12:52 Guard Tower
13:06 Guard Tower
13:06 Guard Tower
13:16 Guard Tower
13:32 Guard Tower
14:53 Farm
14:54 Farm
14:56 Farm
15:00 Farm
15:02 Farm
16:37 Farm
16:40 Farm
16:43 Gryphon Aviary
16:47 Workshop
» items
| Scroll of Regeneration | 3 | |
| Boots of Speed | 1 | |
| Staff of Teleportation | 2 | |
| Potion of Invisibility | 3 | |
| Lesser Clarity Potion | 3 | |
| Scroll of Town Portal | 3 | |
| Potion of Lesser Invulnerability | 1 | |
| Periapt of Vitality | 1 | |
| Potion of Healing | 1 | |
| Potion of Mana | 1 | |
19 total
hyteck1 (
purple | 29 APM | 673 actions | 23:28)
6 Warden
3 Fan of Knives
2 Blink
1 Spirit of Vengeance
» actions
| Assign group hotkey | 8 | |
| Build / train | 80 | |
| Enter build submenu | 22 | |
| Enter hero's abilities submenu | 6 | |
| Give item / drop item | 2 | |
| Right click | 279 | |
| Select / deselect | 197 | |
| Select group hotkey | 5 | |
| Use ability | 74 | |
673 total
» units
| Wisp | 22 | |
| Archer | 7 | |
| Hippogryph | 24 | |
| Chimaera | 8 | |
61 total
» upgrades
| Strength of the Wild | 3 | |
| Reinforced Hides | 3 | |
| Hippogryph Taming | 1 | |
| Corrosive Breath | 1 | |
8 total
» buildings
| Moon Well | 8 | |
| Altar of Elders | 1 | |
| Ancient of War | 1 | |
| Hunter's Hall | 1 | |
| Tree of Ages | 1 | |
| Ancient Protector | 4 | |
| Tree of Life | 2 | |
| Tree of Eternity | 1 | |
| Ancient of Wind | 1 | |
| Ancient of Wonders | 1 | |
| Chimaera Roost | 2 | |
23 total
» build order
00:21 Moon Well
00:36 Altar of Elders
00:50 Ancient of War
01:50 Moon Well
02:32 Moon Well
03:35 Hunter's Hall
03:46 Moon Well
04:38 Tree of Ages
05:17 Ancient Protector
06:29 Tree of Life
06:37 Ancient Protector
06:40 Ancient Protector
06:46 Tree of Life
07:03 Ancient Protector
07:07 Tree of Eternity
07:12 Moon Well
07:39 Ancient of Wind
07:47 Ancient of Wonders
08:42 Moon Well
09:35 Chimaera Roost
09:39 Chimaera Roost
09:54 Moon Well
11:08 Moon Well
» items
| Staff of Teleportation | 1 | |
| Scroll of Town Portal | 1 | |
2 total
LOL-L0L-LOL (
yellow | 131 APM | 3075 actions | 23:28)
4 Priestess of the Moon
2 Searing Arrows
2 Trueshot Aura
» actions
| Assign group hotkey | 60 | |
| Basic commands | 1 | |
| Build / train | 76 | |
| Enter build submenu | 29 | |
| Enter hero's abilities submenu | 4 | |
| Give item / drop item | 2 | |
| Remove unit from queue | 1 | |
| Right click | 1380 | |
| Select / deselect | 347 | |
| Select group hotkey | 1124 | |
| Use ability | 51 | |
3075 total
» units
» upgrades
| Strength of the Wild | 1 | |
| Reinforced Hides | 0 | |
| Strength of the Moon | 3 | |
| Moon Armor | 3 | |
| Improved Bows | 1 | |
| Marksmanship | 1 | |
| Well Spring | 1 | |
10 total
» buildings
| Moon Well | 9 | |
| Altar of Elders | 1 | |
| Ancient of War | 3 | |
| Ancient of Wonders | 1 | |
| Hunter's Hall | 1 | |
| Ancient Protector | 11 | |
| Tree of Ages | 1 | |
| Tree of Eternity | 1 | |
| Tree of Life | 1 | |
29 total
» build order
00:14 Moon Well
00:41 Altar of Elders
00:53 Ancient of War
01:55 Moon Well
02:17 Ancient of Wonders
02:35 Hunter's Hall
03:55 Ancient Protector
04:02 Ancient Protector
04:07 Moon Well
04:31 Moon Well
06:07 Tree of Ages
07:18 Moon Well
08:20 Moon Well
08:28 Moon Well
08:51 Moon Well
09:27 Moon Well
09:54 Ancient Protector
10:02 Ancient Protector
10:31 Ancient Protector
11:08 Ancient Protector
11:11 Ancient Protector
12:27 Tree of Eternity
14:05 Ancient of War
14:10 Ancient of War
14:14 Ancient Protector
14:21 Ancient Protector
14:26 Ancient Protector
16:23 Ancient Protector
19:58 Tree of Life
» items
| Dust of Appearance | 1 | |
| Potion of Lesser Invulnerability | 1 | |
| Boots of Speed | 1 | |
| Potion of Healing | 1 | |
| Scroll of Town Portal | 1 | |
5 total
Lazyass2 (
green | 48 APM | 1131 actions | 23:28)
8 Death Knight
3 Death Coil
3 Unholy Aura
1 Animate Dead
1 Death Pact
7 Dreadlord
3 Sleep
3 Vampiric Aura
1 Inferno
» actions
| Basic commands | 35 | |
| Build / train | 79 | |
| Enter build submenu | 20 | |
| Enter hero's abilities submenu | 14 | |
| Give item / drop item | 4 | |
| Right click | 610 | |
| Select / deselect | 297 | |
| Use ability | 72 | |
1131 total
» units
| Acolyte | 10 | |
| Ghoul | 7 | |
| Crypt Fiend | 9 | |
| Frost Wyrm | 5 | |
31 total
» upgrades
| Creature Attack | 3 | |
| Creature Carapace | 3 | |
| Web | 1 | |
| Freezing Breath | 1 | |
8 total
» buildings
| Ziggurat | 8 | |
| Altar of Darkness | 1 | |
| Crypt | 2 | |
| Graveyard | 2 | |
| Tomb of Relics | 2 | |
| Nerubian Tower | 2 | |
| Halls of the Dead | 4 | |
| Black Citadel | 2 | |
| Sacrificial Pit | 1 | |
| Boneyard | 3 | |
27 total
» build order
00:07 Ziggurat
00:12 Altar of Darkness
00:36 Crypt
00:39 Crypt
01:00 Graveyard
01:41 Ziggurat
01:45 Tomb of Relics
02:05 Nerubian Tower
02:06 Nerubian Tower
03:13 Ziggurat
05:34 Halls of the Dead
05:34 Halls of the Dead
05:34 Halls of the Dead
06:54 Graveyard
06:56 Ziggurat
07:55 Black Citadel
07:59 Sacrificial Pit
08:07 Tomb of Relics
08:09 Ziggurat
08:14 Ziggurat
10:24 Boneyard
10:27 Boneyard
10:34 Boneyard
10:46 Ziggurat
12:19 Ziggurat
» items
| Rod of Necromancy | 2 | |
| Scroll of Town Portal | 3 | |
| Orb of Corruption | 2 | |
| Circlet of Nobility | 5 | |
| Boots of Speed | 1 | |
13 total
Chat log
(18:52 / All) DSSN: Nice try, orange
(20:49 / Allies) Lazyass2: wow
(20:52 / Allies) Lazyass2: they are still trying
(20:53 / Allies) DSSN: so easy
(21:01 / All) MiNzI: sry noob team -.-
(21:05 / All) DSSN: You were a part of it
(21:07 / All) DSSN: So fucking easy
(21:08 / All) DSSN: Raped
(21:13 / All) MiNzI: haha
(21:15 / All) DSSN: 1 base human
(21:18 / All) DSSN: Absolutely terrible
(21:29 / All) MiNzI: i cant make new base
(21:40 / All) MiNzI: i must help all
(21:41 / All) DSSN: yeah because you were too fucking bad
(21:49 / All) rotwild: RED BACK
(21:54 / All) MiNzI: haha
(21:57 / All) DSSN: doesnt' even matter
(22:02 / All) DSSN: you lost
(22:28 / All) Lazyass2: ...
(22:41 / All) DSSN: I'm already 78/84 rebuilding lol